 Dungeon Crawl Stone Soup version 0.31-a0-983-g7b6862f502 (webtiles) character file.

Game seed: 12883921773665754315

46 Hubris850 the Chiller (level 3, -1/24 HPs)
             Began as a Merfolk Ice Elementalist on Nov 2, 2023.
             Slain by a gnoll
             ... wielding a +0 spear
              (4 damage)
             ... on level 2 of the Dungeon.
             The game lasted 00:02:51 (1013 turns).

Hubris850 the Chiller (Merfolk Ice Elementalist)    Turns: 1013, Time: 00:02:52

Health: -1/24      AC:  2    Str:  8    XL:     3   Next: 68%
Magic:  6/7        EV: 13    Int: 16    God:
Gold:   43         SH:  0    Dex: 14    Spells: 3/7 levels left

rFire   . . .        j - +2 mace (drain)
rCold   . . .        (no shield)
rNeg    . . .        a - +0 robe
rPois   .            (no helmet)
rElec   .            (no cloak)
rCorr   .            (no gloves)
SInv    .            (no boots)
Will    .....        l - amulet of faith
Stlth   ++           (no ring)
HPRegen 0.24/turn    (no ring)
MPRegen 0.10/turn

%: faith
@: no status effects
A: (nimble swimmer 2), mertail
a: no special abilities


You were on level 2 of the Dungeon.
You visited 1 branch of the dungeon, and saw 2 of its levels.

You collected 43 gold pieces.

Inventory:

Hand Weapons
 c - a +2 heavy spear
 g - a +0 dagger
 j - a +2 mace of draining (weapon)
Missiles
 h - 4 poisoned darts
Armour
 a - a +0 robe (worn)
 i - a +0 buckler
Jewellery
 l - an amulet of faith (around neck)
Scrolls
 e - a scroll of noise {unknown}
Potions
 b - a potion of magic
 d - a potion of might {unknown}
 f - a potion of mutation {unknown}
 k - a potion of degeneration {unknown}


   Skills:
 - Level 3.4 Dodging
 - Level 2.3 Stealth
 + Level 2.7 Spellcasting
 + Level 4.9 Ice Magic


You had 3 spell levels left.
You knew the following spells:

 Your Spells              Type           Power      Damage    Failure   Level
a - Freeze                Ice            72%        1d8       2%          1
b - Frozen Ramparts       Ice            36%        1d6       8%          3

Your spell library contained the following spells:

 Spells                   Type           Power      Damage    Failure   Level
 Ozocubu's Armour         Ice            18%        N/A       8%          3
 Summon Ice Beast         Ice/Summ       10%        N/A       56%         4


Dungeon Overview and Level Annotations

Branches:
Dungeon (2/15)

Altars:

Shops:
D:1 *[?*


Innate Abilities, Weirdness & Mutations

((You are very nimble when in or above water. (Stealth+, EV+, Speed+++)))
Your lower body shifts to a powerful aquatic tail in water.


Message History

The jackal barely misses you. The jackal bites you.
You hit the jackal.
You kill the jackal!
The jackal bites you but does no damage.
You closely miss the jackal. The jackal barely misses you.
The jackal misses you. The gnoll barely misses you.
The jackal attacks as it pursues you! The jackal closely misses you.
The jackal bites you but does no damage.
You closely miss the jackal. The jackal misses you.
You sock the jackal!
You kill the jackal!
The jackal misses you.
You closely miss the jackal.
The jackal bites you but does no damage.
The jackal barely misses you.
You hit the jackal.
The jackal is almost dead.
The jackal closely misses you.
The jackal bites you but does no damage.
You hit the jackal.
You kill the jackal!
You hit the gnoll.
The gnoll is moderately wounded.
The gnoll barely misses you.
You hit the gnoll. You drain the gnoll.
The gnoll is severely wounded.
The gnoll hits you from afar with a +0 spear.
The gnoll barely misses you. The gnoll closely misses you. x2
You sock the gnoll!
You kill the gnoll!
The gnoll hits you from afar with a +0 spear!
The gnoll barely misses you.
The gnoll hits you from afar with a +0 halberd!
* * * LOW HITPOINT WARNING * * *
Things that are here:
a +0 whip; a gnoll corpse The gnoll hits you but does no damage.
The gnoll attacks as it pursues you!
The gnoll hits you from afar with a +0 spear.
You die...

### #.# ..# # #.#
.####.###.####.##
.....g.g.@.......
......###.####...
##### ###


You could see 2 gnolls.

Vanquished Creatures
  A gnoll (D:2)
  3 dart slugs (D:1)
  2 ball pythons (D:1)
  2 giant cockroaches (D:1)
  2 goblins (D:1)
  2 hobgoblins (D:1)
  3 jackals (D:2)
  3 quokkas
  2 bats (D:1)
  3 frilled lizards (D:1)
  3 kobolds (D:1)
  4 rats (D:1)
30 creatures vanquished.

Notes
Turn   | Place    | Note
-------+----------+-------------------------------------------
     0 | D:1      | Hubris850 the Merfolk Ice Elementalist began the quest for
                  | the Orb.
     0 | D:1      | Reached XP level 1. HP: 13/13 MP: 3/3
   117 | D:1      | Found Luraidebb's General Store.
   297 | D:1      | Reached XP level 2. HP: 19/19 MP: 5/5
   426 | D:1      | Found Soese's Antique Armour Emporium.
   472 | D:1      | Found Ream's Assorted Antiques.
   562 | D:1      | Reached XP level 3. HP: 24/24 MP: 6/6
   566 | D:1      | Learned a level 3 spell: Frozen Ramparts
   590 | D:1      | Found Ojipreas's Magic Scroll Shoppe.
  1013 | D:2      | Slain by a gnoll

Illustrated notes

Levels and vault maps discovered:
D:1:      roadster_arrival_rocket_large, layout_loops_ring, serial_shops,
          nicolae_shop_advertising_works [nicolae_subvault_shop_adworks], shop,
          shop, nicolae_shop_tiny_glass, chequers_serial_rivers_small_3
D:2:      layout_basic, uniq_jessica, uniq_sigmund

Skill      XL: |  1 |
---------------+----+-----
Dodging        | 3 |  3.4
Stealth        | |  2.3
Spellcasting   | |  2.7
Ice Magic      | |  4.9

Action                     || total
---------------------------++-------
  Melee: Mace              ||    65
         Unarmed           ||     7
         Dagger            ||     4
   Stab: Sleeping          ||     6
 Armour: Robe              ||    47
  Dodge: Dodged            ||    42

Table legend: (Time is in decaauts)
 A = Elapsed time spent in this place.
 B = Non-inter-level travel time spent in this place.
 C = Inter-level travel time spent in this place.
 D = Time resting spent in this place.
 E = Time spent auto-exploring this place.
 F = Levels seen in this place.
 G = Mean time per level.
                   A        B        C        D        E       F      G
               +--------+--------+--------+--------+--------+-----+--------+
         Total |   1030 |   1005 |     25 |      0 |    767 |   2 |  515.0 |
       Dungeon |   1030 |   1005 |     25 |      0 |    767 |   2 |  515.0 |
               +--------+--------+--------+--------+--------+-----+--------+

Top non-repeatable levels by time:
     D:1: 1005 daAuts
     D:2: 25 daAuts
